 Dungeon Crawl Stone Soup version 0.20.0 (webtiles) character file.

1399 Eucla the Carver (level 8, 0/39 HPs)
             Began as a Spriggan Fighter on June 2, 2017.
             Slain by a wight
             ... wielding a +6 scimitar
              (4 damage)
             ... on level 6 of the Dungeon.
             The game lasted 00:13:15 (8301 turns).

Eucla the Carver (Spriggan Fighter)                 Turns: 8301, Time: 00:13:15

Health: 0/39       AC:  2    Str: 17      XL:     8   Next: 41%
Magic:  9/9        EV: 16    Int: 15      God:
Gold:   235        SH:  4    Dex: 12 (15) Spells: 7/7 levels left

rFire    + . .     SeeInvis +   w - +0 scimitar
rCold    + . .     Gourm    .   c - +0 buckler
rNeg     . . .     Faith    .   b - +0 robe
rPois    +         Spirit   .   (helmet restricted)
rElec    +         Reflect  .   (no cloak)
rCorr    +         Harm     .   (gloves unavailable)
MR       +....     Rnd*Tele +   (boots unavailable)
Stlth    +.........             (no amulet)
Regen    0.2/turn               m - ring of teleportation (curse)
MPRegen  0.2/turn               e - +3 ring of strength

@: brilliant, resistant, hasted, heavily drained, very quick
A: unfitting armour, see invisible, herbivore 3, speed 3, slow metabolism 2
a: no special abilities


You were on level 6 of the Dungeon.
You were not hungry.

You visited 1 branch of the dungeon, and saw 6 of its levels.
You also visited: Sewer.

You collected 235 gold pieces.

Inventory:

Hand Weapons
 a - a +0 long sword
 r - a +0 blowgun
 w - a +0 scimitar (weapon)
Missiles
 s - 22 poisoned needles
Armour
 b - a +0 robe (worn)
 c - a +0 buckler (worn)
Jewellery
 e - a +3 ring of strength (right hand)
 k - an uncursed ring of resist corrosion
 m - a cursed ring of teleportation (left hand)
 u - a +2 ring of intelligence
Wands
 p - a wand of iceblast (10/15)
Scrolls
 g - 2 scrolls of magic mapping
 i - 2 scrolls of amnesia
 l - 6 scrolls of teleportation
 x - a scroll of identify
Potions
 n - 3 potions of magic
 q - 2 potions of curing
 v - a potion of flight
Books
 d - a book of Misfortune

   Spells                             Type                      Level
   a - Confusing Touch                Hexes                        1
   b - Confuse                        Hexes                        3
   c - Gell's Gravitas                Translocation                3
   d - Petrify                        Transmutation/Earth          4
   e - Metabolic Englaciation         Hexes/Ice                    5
   f - Yara's Violent Unravelling     Hexes/Transmutation          5
Comestibles
 f - 5 bread rations
 t - 3 fruits


   Skills:
 - Level 2.4(0.4) Fighting
 + Level 8.9(6.6) Long Blades
 - Level 4.4(2.3) Dodging
 - Level 2.1(0.2) Shields


You had 7 spell levels left.
You didn't know any spells.

Dungeon Overview and Level Annotations

Branches:
Dungeon (6/15)
 Temple: D:4-7

Altars:
Ashenzari
Dithmenos

Annotations:
D:5 Gridlocked's ghost, novice HOAK


Innate Abilities, Weirdness & Mutations

You are very small and have problems with some larger weapons.
You are too small for most types of armour.
You have supernaturally acute eyesight. (SInv)
You are a herbivore.
You cover ground extremely quickly.
You need consume almost no food.


Message History

The wight hits you with an enchanted scimitar!
You feel drained.
You are too injured to fight recklessly!
You are too injured to fight recklessly!
Unknown command.
You completely miss the wight.
The wight is heavily damaged.
You barely miss the wight.
The wight is heavily damaged.
The wight hits you with an enchanted scimitar.
You feel drained.
You slash the wight!
The wight is almost destroyed.
Unknown command.
You barely miss the wight.
The wight is almost destroyed.
The wight hits you with an enchanted scimitar!
* * * LOW HITPOINT WARNING * * *
You feel drained.
You die...

#.........# #.........#
#.........# #.........#
#........z#
#.....###.#########
#.....###z........#
#....z.##z#######.#
#...@#.##)#.....#.#
#....#.##.#.###.#.#
#######....#..#.#.#<#.#.#
#..........##.#.#.#.#.#.#
#.....)....##.#.#.#...#.#
#..........##...#.#####.#
#..........###..#.......#
#..........# #.>#########
#..........# ####


You could see a wight.

Vanquished Creatures
  Sigmund (D:3)
  2 ogres
  3 big kobolds (Sewer)
  3 wights (D:6)
  A centaur zombie (D:6)
  A crimson imp (D:6)
  A quasit (D:6)
  A bullfrog zombie (D:6)
  An orc priest (D:3)
  A centaur skeleton (D:5)
  An orc wizard (D:3)
  Natasha (twice) (D:2)
  A worker ant (D:4)
  A worker ant zombie (D:5)
  A howler monkey zombie (D:5)
  11 gnolls
  A river rat (Sewer)
  14 adders
  6 oozes (Sewer)
  2 adder skeletons (D:4)
  12 worms
  3 dart slugs
  10 leopard geckos
  8 orcs
  5 ball pythons
  6 bats
  4 giant cockroaches
  7 goblins
  9 hobgoblins
  5 jackals
  20 kobolds
  2 quokkas (D:2)
  A frilled lizard (D:1)
  A jackal zombie (D:5)
  A leopard gecko skeleton (D:5)
  A leopard gecko zombie (D:5)
  A quokka skeleton (D:5)
  7 rats
158 creatures vanquished.

Notes
Turn   | Place    | Note
-------+----------+-------------------------------------------
     0 | D:1      | Eucla the Spriggan Fighter began the quest for the Orb.
     0 | D:1      | Reached XP level 1. HP: 11/11 MP: 2/2
    19 | D:1      | Reached skill level 2 in Long Blades
    99 | D:1      | Reached XP level 2. HP: 11/16 MP: 3/3
   978 | D:1      | Reached XP level 3. HP: 8/19 MP: 4/4
  1296 | D:2      | Reached skill level 3 in Long Blades
  1602 | D:2      | Reached XP level 4. HP: 23/23 MP: 5/5
  2265 | D:2      | Reached skill level 4 in Long Blades
  2270 | D:2      | HP: 1/23 [gnoll/spear (8)]
  2656 | D:2      | Reached XP level 5. HP: 27/27 MP: 6/6
  2921 | D:2      | Found a faded altar of an unknown god.
  3289 | D:3      | Noticed Sigmund
  3379 | D:3      | Noticed Natasha
  3534 | D:2      | Killed Natasha
  3534 | D:2      | Reached skill level 5 in Long Blades
  3564 | D:2      | Noticed Natasha
  3574 | D:2      | Killed Natasha
  3734 | D:3      | Killed Sigmund
  3734 | D:3      | Reached skill level 6 in Long Blades
  3734 | D:3      | Reached XP level 6. HP: 32/32 MP: 7/7
  3774 | D:3      | Found a shadowy altar of Dithmenos.
  4152 | D:3      | Found a shattered altar of Ashenzari.
  4392 | D:3      | Reached XP level 7. HP: 15/35 MP: 8/8
  5413 | D:5      | Entered Level 5 of the Dungeon
  5460 | D:5      | Reached skill level 7 in Long Blades
  5682 | D:5      | Noticed Gridlocked's ghost (novice HOAK)
  6175 | D:5      | Found a glowing drain.
  6193 | Sewer    | Entered a sewer
  7170 | Sewer    | Reached skill level 8 in Long Blades
  7170 | Sewer    | Reached XP level 8. HP: 10/39 MP: 9/9
  8301 | D:6      | Slain by a wight

Skill      XL: |  1  2  3  4  5  6  7 |
---------------+----------------------+-----
Long Blades    | 2 3 4 6 8 |  8.9
Fighting       | |  2.4
Dodging        | |  4.4
Shields        | |  2.1

Action                   |  1- 3 |  4- 6 |  7- 9 || total
-------------------------+-------+-------+-------++-------
Melee: Long sword        |   108 |   201 |   293 ||   602
       Scimitar          |       |       |    36 ||    36
Evoke: Wand              |       |     2 |     3 ||     5
  Use: Scroll            |     8 |     1 |     2 ||    11
       Potion            |     3 |     4 |    10 ||    17
 Stab: Sleeping          |     1 |     1 |     1 ||     3
       Distracted        |       |     1 |       ||     1
  Eat: Bread ration      |       |     1 |       ||     1
       Royal jelly       |       |     1 |       ||     1
Armor: Robe              |     7 |    12 |    19 ||    38
Dodge: Dodged            |    88 |   146 |   212 ||   446
Block: Buckler           |    27 |    55 |    73 ||   155
       Rpst.: Long sword |    20 |    43 |    65 ||   128
       Scimitar          |       |       |     7 ||     7
